Wild vs Capitals
Created - 18 mars 2015 at 23:18
Goals
|
| Wild |
2 |
2 |
1 |
5 |
| Capitals |
0 |
4 |
0 |
4 |
|
Shots
|
| Wild |
7 |
9 |
12 |
28 |
| Capitals |
12 |
17 |
5 |
34 |
|
1st period
1. Wild , R.J. Umberger 22 (Kristopher Letang) at 0:12
2. Wild , Chris Drury 27 (R.J. Umberger) at 4:47
Penalties :
Zdeno Chara (Was) for Fighting (Major) at 3:25, Kristopher Letang (Min) for Fighting (Major) at 3:25, Vaclav Prospal (Min) for Holding (Minor) at 7:06
2nd period
3. Capitals , Thomas Vanek 38 (Phil Kessel, Nicklas Backstrom) at 1:41
4. Wild , Daniel Briere 41 (R.J. Umberger, Chris Drury) at 1:57
5. Capitals , Thomas Vanek 39 (Nicklas Backstrom, Zdeno Chara) at 12:11
6. Capitals , Ryane Clowe 20 (Phil Kessel, Thomas Vanek) at 13:09
7. Capitals , Adam Hall 3 (Chris Kunitz) at 14:21
8. Wild , R.J. Umberger 23 (Toni Lydman) at 18:20
Penalties :
Daniel Briere (Min) for Roughing (Minor) at 4:27, R.J. Umberger (Min) for Hooking (Minor) at 15:02, Phil Kessel (Was) for Interference (Minor) at 18:44
3rd period
9. Wild , Matt Moulson 13 (Vaclav Prospal, Alexei Kovalev) at 4:41
Penalties :
Boyd Devereaux (Was) for Hooking (Minor) at 10:55, Ryane Clowe (Was) for Delaying the game (Minor) at 13:48, Ryan Suter (Was) for Tripping (Minor) at 18:43
Goalie Stats
Martin Brodeur (Min), 30 saves from 34 shots - (0,882), W, 32-24-5, 60:00 minutes
Jaroslav Halak (Was), 23 saves from 28 shots - (0,821), L, 20-22-4, 60:00 minutes
Players Stats for Wild
Player Name G A P +/- PIM S H SB GA TA FO MP PP MP PK MP
------------------------------------------------------------------------------------
Alexei Kovalev 0 1 1 1 0 0 2 0 0 0 0/1 17:04 3:31 0:00
Anson Carter 0 0 0 -1 0 1 2 0 0 0 0/0 7:04 0:00 0:00
Chris Drury 1 1 2 2 0 3 1 0 1 0 17/35 20:50 3:42 0:53
Cody McLeod 0 0 0 -1 0 0 1 0 0 0 0/0 8:42 0:00 1:23
Daniel Briere 1 0 1 2 2 3 1 2 1 1 1/2 19:50 3:42 0:00
Fedor Tyutin 0 0 0 2 0 2 0 0 0 1 0/0 22:42 4:21 0:00
Fredrik Modin 0 0 0 -1 0 0 3 0 0 0 0/0 10:07 0:00 0:13
Glen Metropolit 0 0 0 -1 0 1 3 0 0 0 3/11 13:09 0:00 3:21
Greg Zanon 0 0 0 2 0 0 2 0 0 0 0/0 15:00 0:00 3:47
Kristopher Letang 0 1 1 0 5 1 1 0 0 3 0/0 21:33 4:21 0:01
Mark Eaton 0 0 0 -2 0 2 0 3 0 1 0/0 22:54 2:52 3:47
Matt Moulson 1 0 1 1 0 3 0 0 0 0 0/0 17:04 3:31 0:00
Niklas Kronwall 0 0 0 -2 0 1 3 0 0 2 0/0 24:34 2:52 2:10
Pascal Dupuis 0 0 0 -1 0 1 0 0 0 0 1/1 13:08 0:00 3:20
R.J. Umberger 2 2 4 2 2 6 4 0 1 0 0/0 20:52 3:42 1:01
Rich Peverley 0 0 0 -1 0 1 0 1 0 0 1/1 8:57 0:00 1:43
Toni Lydman 0 1 1 2 0 1 1 0 0 1 0/0 13:17 0:00 2:10
Vaclav Prospal 0 1 1 1 2 2 3 0 1 0 5/10 17:13 3:31 0:00
Players Stats for Capitals
Player Name G A P +/- PIM S H SB GA TA FO MP PP MP PK MP
------------------------------------------------------------------------------------
Adam Hall 1 0 1 1 0 4 0 0 0 0 0/2 9:55 0:08 2:13
Ales Hemsky 0 0 0 -3 0 2 1 0 0 0 0/0 12:40 0:08 0:00
Anton Volchenkov 0 0 0 0 0 1 1 0 1 1 0/0 20:25 2:57 3:03
Boyd Devereaux 0 0 0 1 2 1 1 0 0 0 0/1 8:46 0:00 1:21
Brent Seabrook 0 0 0 0 0 2 0 1 1 0 0/0 20:25 2:57 3:03
Bryce Salvador 0 0 0 0 0 0 0 1 0 1 0/0 15:25 0:00 4:10
Chris Kunitz 0 1 1 1 0 0 0 0 0 0 0/1 10:18 0:08 2:36
Loui Eriksson 0 0 0 -3 0 1 2 0 1 0 0/0 15:30 2:59 0:26
Mark Giordano 0 0 0 0 0 0 0 1 1 1 0/0 18:14 3:00 0:00
Nicklas Backstrom 0 2 2 0 0 4 1 1 1 0 18/27 19:00 2:50 0:00
Paul Stastny 0 0 0 1 0 1 0 1 0 0 5/6 10:53 0:00 0:00
Phil Kessel 0 2 2 0 2 2 1 1 1 0 0/0 19:02 2:50 0:00
Pierre-Alexandre Parente 0 0 0 1 0 0 3 0 0 0 0/1 10:53 0:00 0:00
Ryan Getzlaf 0 0 0 -3 0 4 2 2 0 0 10/21 19:40 2:59 4:29
Ryan Suter 0 0 0 -2 2 2 0 3 0 1 0/0 19:53 0:36 0:00
Ryane Clowe 1 0 1 1 2 5 1 0 0 0 0/1 17:07 2:59 3:21
Thomas Vanek 2 1 3 0 0 5 5 0 2 0 0/1 18:59 2:50 0:00
Zdeno Chara 0 1 1 0 5 0 0 0 1 0 0/0 25:36 2:24 4:10
3 Stars
1 - R.J. Umberger (Min)
2 - Thomas Vanek (Was)
3 - Chris Drury (Min)
Power Play
Wild - 0 on 5 Attempt(s) - 0,00%
Capitals - 0 on 3 Attempt(s) - 0,00%
Penalty Kill
Wild - 3 on 3 Attempt(s) - 100,00%
- Score 0 goal in Penalty Kill
Capitals - 5 on 5 Attempt(s) - 100,00%
- Score 0 goal in Penalty Kill
Team Stat
Wild - Hits : 27 - Faceoff Wins : 28 - Blocked Shots : 6 - Penalty Minutes : 11
Capitals - Hits : 18 - Faceoff Wins : 33 - Blocked Shots : 11 - Penalty Minutes : 13
Official
Referees : L'Ecuyer Frederick and Hasenfratz Mike
Linesman : Vaughan Rody and Scott Cherrey
Game Notes
Kristopher Letang beats up Zdeno Chara at 3:25 of 1st period
11:02 of 2nd period - Penalty Shot by Phil Kessel for Capitals - Stopped by Martin Brodeur
Finance
Level 1 -- Attendance: 5585 (93,08%) -- Ticket Income 430 045 $
Level 2 -- Attendance: 4831 (96,62%) -- Ticket Income 202 902 $
Level 3 -- Attendance: 1923 (96,15%) -- Ticket Income 51 921 $
Level 4 -- Attendance: 3892 (97,30%) -- Ticket Income 62 272 $
Luxury Box -- Attendance: 944 (94,40%) -- Ticket Income 153 872 $
Game was played at the Verizon Center'
Total Attendance: 17175 (95,42%)
Total Ticket Income: 901 012 $
Other Income: 135 152 $
Total Income: 1 036 164 $
Wild
5 vs 5 Forward
Center Left Wing Right Wing Time % Phy DF OF
1 Chris Drury R.J. Umberger Daniel Briere 40 1 2 2
2 Vaclav Prospal Matt Moulson Alexei Kovalev 30 1 2 2
3 Glen Metropolit Fredrik Modin Pascal Dupuis 20 1 2 2
4 Rich Peverley Cody McLeod Anson Carter 10 1 2 2
5 vs 5 Defense
Defense Defense Time % Phy DF OF
1 Fedor Tyutin Kristopher Letang 40 1 2 2
2 Mark Eaton Niklas Kronwall 30 1 2 2
3 Toni Lydman Greg Zanon 20 1 2 2
4 Kristopher Letang Niklas Kronwall 10 1 2 2
PowerPlay Forward
Center Left Wing Right Wing Time % Phy DF OF
1 Chris Drury R.J. Umberger Daniel Briere 60 1 2 2
2 Vaclav Prospal Matt Moulson Alexei Kovalev 40 1 2 2
PowerPlay Defense
Defense Defense Time % Phy DF OF
1 Fedor Tyutin Kristopher Letang 60 1 2 2
2 Mark Eaton Niklas Kronwall 40 1 2 2
Penalty Kill 4 Players Forward
Center Wing Time % Phy DF OF
1 Glen Metropolit Pascal Dupuis 60 1 2 2
2 Rich Peverley R.J. Umberger 40 1 2 2
Penalty Kill 4 Players Defense
Defense Defense Time % Phy DF OF
1 Greg Zanon Mark Eaton 60 1 2 2
2 Toni Lydman Niklas Kronwall 40 1 2 2
Penalty Kill - 3 Players Forward
Forward Time % Phy DF OF
1 Glen Metropolit 60 1 2 2
2 Pascal Dupuis 40 1 2 2
Penalty Kill - 3 Players Defense
Defense Defense Time % Phy DF OF
1 Greg Zanon Mark Eaton 60 1 2 2
2 Toni Lydman Niklas Kronwall 40 1 2 2
4 vs 4 Forward
Center Wing Time % Phy DF OF
1 Daniel Briere Chris Drury 60 1 2 2
2 Vaclav Prospal R.J. Umberger 40 1 2 2
4 vs 4 Defense
Defense Defense Time % Phy DF OF
1 Fedor Tyutin Kristopher Letang 60 1 2 2
2 Toni Lydman Niklas Kronwall 40 1 2 2
Last Minutes Offensive
Center Left Wing Right Wing Defense Defense
Chris Drury R.J. Umberger Daniel Briere Fedor Tyutin Kristopher Letang
Last Minutes Defensive
Center Left Wing Right Wing Defense Defense
Glen Metropolit Pascal Dupuis Vaclav Prospal Greg Zanon Mark Eaton
Goaltenders
Starting : Martin Brodeur
Backup : Julien Ellis
Extra Forwards
Normal : Chris Drury, Alexei Kovalev, Daniel Briere - PP : Chris Drury, Daniel Briere - PK : Glen Metropolit
Extra Defensemen
Normal : Kristopher Letang, Fedor Tyutin, Niklas Kronwall - PP : Kristopher Letang - PK : Mark Eaton, Greg Zanon
Penalty Shots
Daniel Briere, Chris Drury, Vaclav Prospal, R.J. Umberger, Alexei Kovalev
Capitals
5 vs 5 Forward
Center Left Wing Right Wing Time % Phy DF OF
1 Nicklas Backstrom Thomas Vanek Phil Kessel 40 1 2 2
2 Ryan Getzlaf Loui Eriksson Ales Hemsky 30 1 2 2
3 Paul Stastny Ryane Clowe Pierre-Alexandre Parentea25 1 2 2
4 Boyd Devereaux Chris Kunitz Adam Hall 5 1 2 2
5 vs 5 Defense
Defense Defense Time % Phy DF OF
1 Zdeno Chara Ryan Suter 40 1 2 2
2 Anton Volchenkov Brent Seabrook 30 1 2 2
3 Bryce Salvador Mark Giordano 20 1 2 2
4 Mark Giordano Zdeno Chara 10 1 2 2
PowerPlay Forward
Center Left Wing Right Wing Time % Phy DF OF
1 Nicklas Backstrom Thomas Vanek Phil Kessel 60 1 2 2
2 Ryan Getzlaf Loui Eriksson Ryane Clowe 40 1 2 2
PowerPlay Defense
Defense Defense Time % Phy DF OF
1 Zdeno Chara Mark Giordano 60 1 2 2
2 Anton Volchenkov Brent Seabrook 40 1 2 2
Penalty Kill 4 Players Forward
Center Wing Time % Phy DF OF
1 Ryan Getzlaf Ryane Clowe 60 1 2 2
2 Boyd Devereaux Chris Kunitz 40 1 2 2
Penalty Kill 4 Players Defense
Defense Defense Time % Phy DF OF
1 Zdeno Chara Bryce Salvador 60 1 2 2
2 Anton Volchenkov Brent Seabrook 40 1 2 2
Penalty Kill - 3 Players Forward
Forward Time % Phy DF OF
1 Boyd Devereaux 60 1 2 2
2 Nicklas Backstrom 40 1 2 2
Penalty Kill - 3 Players Defense
Defense Defense Time % Phy DF OF
1 Zdeno Chara Bryce Salvador 60 1 2 2
2 Anton Volchenkov Brent Seabrook 40 1 2 2
4 vs 4 Forward
Center Wing Time % Phy DF OF
1 Nicklas Backstrom Phil Kessel 60 1 2 2
2 Ryan Getzlaf Thomas Vanek 40 1 2 2
4 vs 4 Defense
Defense Defense Time % Phy DF OF
1 Zdeno Chara Mark Giordano 60 1 2 2
2 Anton Volchenkov Brent Seabrook 40 1 2 2
Last Minutes Offensive
Center Left Wing Right Wing Defense Defense
Nicklas Backstrom Thomas Vanek Phil Kessel Zdeno Chara Anton Volchenkov
Last Minutes Defensive
Center Left Wing Right Wing Defense Defense
Nicklas Backstrom Loui Eriksson Adam Hall Zdeno Chara Anton Volchenkov
Goaltenders
Starting : Jaroslav Halak
Backup : Tim Thomas
Extra Forwards
Normal : Ales Hemsky, Phil Kessel, Adam Hall - PP : Ales Hemsky, Phil Kessel - PK : Adam Hall
Extra Defensemen
Normal : Ryan Suter, Mark Giordano, Anton Volchenkov - PP : Ryan Suter - PK : Mark Giordano, Anton Volchenkov
Penalty Shots
Ryane Clowe, Nicklas Backstrom, Ryan Getzlaf, Paul Stastny, Loui Eriksson
% Time on Ice - Wild
Lines # - Real PCT - Wanted PCT - Time Play
Normal Forward
1 - 35% - 40% - 16:15
2 - 29% - 30% - 13:43
3 - 21% - 20% - 9:48
4 - 15% - 10% - 7:04
Normal Defense
1 - 39% - 40% - 18:29
2 - 31% - 30% - 14:31
3 - 23% - 20% - 10:46
4 - 7% - 10% - 3:04
PP Forward
1 - 51% - 60% - 3:42
2 - 49% - 40% - 3:31
PP Defense
1 - 60% - 60% - 4:21
2 - 40% - 40% - 2:52
PK Forward
1 - 71% - 60% - 4:14
2 - 29% - 40% - 1:43
PK Defense
1 - 64% - 60% - 3:47
2 - 36% - 40% - 2:10
PK3 Forward
1 - 0% - 60%
2 - 0% - 40%
PK3 Defense
1 - 0% - 60%
2 - 0% - 40%
44 Forward
1 - 0% - 60%
2 - 0% - 40%
44 Defense
1 - 0% - 60%
2 - 0% - 40%
Last Minute Offensive - 0:00
Last Minute Defensive - 0:00
Total
Forward - 60:00
Defense - 60:00
|
% Time on Ice - Capitals
Lines # - Real PCT - Wanted PCT - Time Play
Normal Forward
1 - 35% - 40% - 16:33
2 - 26% - 30% - 12:04
3 - 23% - 25% - 10:53
4 - 16% - 5% - 7:20
Normal Defense
1 - 41% - 40% - 19:07
2 - 31% - 30% - 14:25
3 - 23% - 20% - 10:36
4 - 6% - 10% - 2:42
PP Forward
1 - 50% - 60% - 2:58
2 - 50% - 40% - 2:59
PP Defense
1 - 50% - 60% - 3:00
2 - 50% - 40% - 2:57
PK Forward
1 - 79% - 60% - 5:41
2 - 21% - 40% - 1:32
PK Defense
1 - 58% - 60% - 4:10
2 - 42% - 40% - 3:03
PK3 Forward
1 - 0% - 60%
2 - 0% - 40%
PK3 Defense
1 - 0% - 60%
2 - 0% - 40%
44 Forward
1 - 0% - 60%
2 - 0% - 40%
44 Defense
1 - 0% - 60%
2 - 0% - 40%
Last Minute Offensive - 0:00
Last Minute Defensive - 0:00
Total
Forward - 60:00
Defense - 60:00
|
Play by Play
1st period
0:01 of 1st period - Nicklas Backstrom wins face-off versus Chris Drury in neutral zone.
0:12 of 1st period - Slapshot by R.J. Umberger.
0:12 of 1st period - Goal by R.J. Umberger - Wild : 1 - Capitals : 0.
0:13 of 1st period - Ryan Getzlaf wins face-off versus Alexei Kovalev in neutral zone.
0:39 of 1st period - Mark Eaton is hit by Anton Volchenkov and loses puck.
1:18 of 1st period - Ryan Suter is hit by Anson Carter and loses puck.
1:49 of 1st period - Wrist shot by Matt Moulson.
1:49 of 1st period - Shot Misses the Net.
2:10 of 1st period - Ryan Getzlaf is hit by Fredrik Modin and loses puck.
2:47 of 1st period - Snap shot by Ryane Clowe.
2:47 of 1st period - Shot Blocked by Mark Eaton.
3:07 of 1st period - Snap shot by Vaclav Prospal.
3:07 of 1st period - Stopped by Jaroslav Halak with a rebound.
3:24 of 1st period - Off-side.
3:25 of 1st period - Glen Metropolit wins face-off versus Ryan Getzlaf in neutral zone.
3:25 of 1st period - Kristopher Letang beats up Zdeno Chara.
3:25 of 1st period - Penalty to Zdeno Chara for Fighting.
3:25 of 1st period - Penalty to Kristopher Letang for Fighting.
3:26 of 1st period - Chris Drury wins face-off versus Thomas Vanek in neutral zone.
3:41 of 1st period - Snap shot by R.J. Umberger.
3:41 of 1st period - Shot Blocked by Ryan Suter.
3:57 of 1st period - Snap shot by Vaclav Prospal.
3:57 of 1st period - Shot Blocked by Ryan Getzlaf.
3:59 of 1st period - Slapshot by Toni Lydman.
3:59 of 1st period - Stopped by Jaroslav Halak with a rebound.
4:01 of 1st period - Snap shot by Matt Moulson.
4:01 of 1st period - Stopped by Jaroslav Halak without a rebound.
4:02 of 1st period - Paul Stastny wins face-off versus Vaclav Prospal in Capitals zone.
4:27 of 1st period - Snap shot by Matt Moulson.
4:27 of 1st period - Shot Misses the Net.
4:33 of 1st period - Wrist shot by Nicklas Backstrom.
4:33 of 1st period - Stopped by Martin Brodeur with a rebound.
4:35 of 1st period - Slapshot by Anton Volchenkov.
4:35 of 1st period - Stopped by Martin Brodeur with a rebound.
4:37 of 1st period - Snap shot by Brent Seabrook.
4:37 of 1st period - Deflect By Toni Lydman.
4:37 of 1st period - Stopped by Martin Brodeur without a rebound.
4:38 of 1st period - Chris Drury wins face-off versus Ryan Getzlaf in Wild zone.
4:45 of 1st period - Wrist shot by R.J. Umberger.
4:45 of 1st period - Shot Blocked by Ryan Suter.
4:47 of 1st period - Slapshot by Chris Drury.
4:47 of 1st period - Goal by Chris Drury - Wild : 2 - Capitals : 0.
4:48 of 1st period - Nicklas Backstrom wins face-off versus Chris Drury in neutral zone.
4:59 of 1st period - Phil Kessel is hit by R.J. Umberger and loses puck.
5:40 of 1st period - Snap shot by Chris Kunitz.
5:40 of 1st period - Shot Misses the Net.
5:56 of 1st period - Wrist shot by Ryane Clowe.
5:56 of 1st period - Shot Misses the Net.
5:58 of 1st period - Snap shot by Paul Stastny.
5:58 of 1st period - Stopped by Martin Brodeur with a rebound.
6:00 of 1st period - Slapshot by Anton Volchenkov.
6:00 of 1st period - Deflect By Ryane Clowe.
6:00 of 1st period - Stopped by Martin Brodeur without a rebound.
6:01 of 1st period - Vaclav Prospal wins face-off versus Nicklas Backstrom in Wild zone.
6:31 of 1st period - Vaclav Prospal is hit by Thomas Vanek.
7:06 of 1st period - Minor Penalty to Vaclav Prospal for Holding.
7:07 of 1st period - Ryan Getzlaf wins face-off versus Glen Metropolit in Wild zone.
7:21 of 1st period - Snap shot by Ryane Clowe.
7:21 of 1st period - Deflect By Glen Metropolit.
7:21 of 1st period - Shot Blocked by Mark Eaton.
7:21 of 1st period - Puck is out of play.
7:22 of 1st period - Ryan Getzlaf wins face-off versus Glen Metropolit in Wild zone.
7:25 of 1st period - Snap shot by Ryan Getzlaf.
7:25 of 1st period - Deflect By Loui Eriksson.
7:25 of 1st period - Stopped by Martin Brodeur with a rebound.
7:29 of 1st period - Slapshot by Ryane Clowe.
7:29 of 1st period - Stopped by Martin Brodeur with a rebound.
8:00 of 1st period - Icing by Thomas Vanek.
8:01 of 1st period - Glen Metropolit wins face-off versus Ryan Getzlaf in Capitals zone.
8:14 of 1st period - Snap shot by Nicklas Backstrom.
8:14 of 1st period - Stopped by Martin Brodeur with a rebound.
8:25 of 1st period - Penalty to Kristopher Letang is over, Kristopher Letang is back on ice.
9:06 of 1st period - Penalty to Vaclav Prospal is over, Vaclav Prospal is back on ice.
10:00 of 1st period - Snap shot by Rich Peverley.
10:00 of 1st period - Shot Misses the Net.
10:29 of 1st period - Mark Giordano is hit by Toni Lydman and loses puck.
10:53 of 1st period - Snap shot by Nicklas Backstrom.
10:53 of 1st period - Stopped by Martin Brodeur with a rebound.
10:55 of 1st period - Snap shot by Loui Eriksson.
10:55 of 1st period - Shot Misses the Net.
10:57 of 1st period - Slapshot by Loui Eriksson.
10:57 of 1st period - Shot Blocked by Rich Peverley.
10:59 of 1st period - Wrist shot by Ryan Suter.
10:59 of 1st period - Shot Misses the Net.
11:22 of 1st period - Alexei Kovalev is hit by Thomas Vanek and loses puck.
11:42 of 1st period - Anton Volchenkov is hit by Glen Metropolit and loses puck.
11:47 of 1st period - Wrist shot by Glen Metropolit.
11:47 of 1st period - Stopped by Jaroslav Halak without a rebound.
11:48 of 1st period - Chris Drury wins face-off versus Ryan Getzlaf in Capitals zone.
11:54 of 1st period - Off-side.
11:55 of 1st period - Ryan Getzlaf wins face-off versus Chris Drury in neutral zone.
12:56 of 1st period - Slapshot by Ryan Getzlaf.
12:56 of 1st period - Stopped by Martin Brodeur with a rebound.
13:04 of 1st period - Slapshot by Ryan Getzlaf.
13:04 of 1st period - Stopped by Martin Brodeur with a rebound.
13:41 of 1st period - Slapshot by Fedor Tyutin.
13:41 of 1st period - Stopped by Jaroslav Halak without a rebound.
13:42 of 1st period - Nicklas Backstrom wins face-off versus Glen Metropolit in Capitals zone.
14:34 of 1st period - Bryce Salvador is hit by Cody McLeod and loses puck.
17:02 of 1st period - Mark Giordano is hit by R.J. Umberger and loses puck.
17:06 of 1st period - Icing by Mark Giordano.
17:07 of 1st period - Vaclav Prospal wins face-off versus Pierre-Alexandre Parenteau in Capitals zone.
17:41 of 1st period - Kristopher Letang is hit by Boyd Devereaux.
18:15 of 1st period - Mark Eaton is hit by Ryane Clowe and loses puck.
18:40 of 1st period - Ryan Getzlaf is hit by Greg Zanon and loses puck.
19:32 of 1st period - Icing by Anton Volchenkov.
19:33 of 1st period - Nicklas Backstrom wins face-off versus Glen Metropolit in Capitals zone.
19:33 of 1st period - Nicklas Backstrom is hit by Fredrik Modin.
19:49 of 1st period - Backhand shot by Brent Seabrook.
19:49 of 1st period - Stopped by Martin Brodeur without a rebound.
19:50 of 1st period - Chris Drury wins face-off versus Ryan Getzlaf in Wild zone.
Goals for this period are 2 for Wild vs 0 for Capitals.
Shots for this period are 7 for Wild vs 12 for Capitals.
2nd period
0:01 of 2nd period - Chris Drury wins face-off versus Nicklas Backstrom in neutral zone.
0:26 of 2nd period - Zdeno Chara is hit by Niklas Kronwall and loses puck.
1:09 of 2nd period - Wrist shot by Alexei Kovalev.
1:09 of 2nd period - Deflect By Anson Carter.
1:09 of 2nd period - Stopped by Jaroslav Halak with a rebound.
1:39 of 2nd period - Snap shot by Phil Kessel.
1:39 of 2nd period - Shot Misses the Net.
1:41 of 2nd period - Snap shot by Thomas Vanek.
1:41 of 2nd period - Goal by Thomas Vanek - Wild : 2 - Capitals : 1.
1:42 of 2nd period - Chris Drury wins face-off versus Nicklas Backstrom in neutral zone.
1:55 of 2nd period - Snap shot by R.J. Umberger.
1:55 of 2nd period - Stopped by Jaroslav Halak with a rebound.
1:57 of 2nd period - Slapshot by Daniel Briere.
1:57 of 2nd period - Goal by Daniel Briere - Wild : 3 - Capitals : 1.
1:58 of 2nd period - Nicklas Backstrom wins face-off versus Chris Drury in neutral zone.
2:41 of 2nd period - Icing by Ryane Clowe.
2:42 of 2nd period - Glen Metropolit wins face-off versus Paul Stastny in Capitals zone.
2:43 of 2nd period - Wrist shot by Pascal Dupuis.
2:43 of 2nd period - Stopped by Jaroslav Halak without a rebound.
2:44 of 2nd period - Nicklas Backstrom wins face-off versus Chris Drury in Capitals zone.
3:47 of 2nd period - Mark Eaton is hit by Thomas Vanek and loses puck.
4:08 of 2nd period - Chris Kunitz is hit by R.J. Umberger and loses puck.
4:27 of 2nd period - Minor Penalty to Daniel Briere for Roughing.
4:28 of 2nd period - Pascal Dupuis wins face-off versus Nicklas Backstrom in Wild zone.
4:28 of 2nd period - Pascal Dupuis is hit by Thomas Vanek.
6:27 of 2nd period - Penalty to Daniel Briere is over, Daniel Briere is back on ice.
7:07 of 2nd period - Ryan Suter is hit by Daniel Briere and loses puck.
7:20 of 2nd period - Glen Metropolit is hit by Ales Hemsky and loses puck.
7:56 of 2nd period - Wrist shot by Boyd Devereaux.
7:56 of 2nd period - Deflect By Adam Hall.
7:56 of 2nd period - Stopped by Martin Brodeur with a rebound.
7:58 of 2nd period - Wrist shot by Adam Hall.
7:58 of 2nd period - Stopped by Martin Brodeur with a rebound.
8:08 of 2nd period - Zdeno Chara is hit by Niklas Kronwall.
9:00 of 2nd period - Rich Peverley is hit by Ryan Getzlaf and loses puck.
9:13 of 2nd period - Slapshot by Fredrik Modin.
9:13 of 2nd period - Shot Misses the Net.
9:42 of 2nd period - Ryan Getzlaf is hit by Alexei Kovalev and loses puck.
9:51 of 2nd period - Matt Moulson is hit by Loui Eriksson and loses puck.
10:37 of 2nd period - Off-side.
10:38 of 2nd period - Paul Stastny wins face-off versus Glen Metropolit in neutral zone.
10:41 of 2nd period - Mark Eaton is hit by Pierre-Alexandre Parenteau and loses puck.
10:51 of 2nd period - Off-side.
10:52 of 2nd period - Nicklas Backstrom wins face-off versus Chris Drury in neutral zone.
11:02 of 2nd period - Penalty Shot by Phil Kessel for Capitals.
11:02 of 2nd period - Wrist shot by Phil Kessel.
11:02 of 2nd period - Stopped by Martin Brodeur.
11:03 of 2nd period - Nicklas Backstrom wins face-off versus Chris Drury in Capitals zone.
11:08 of 2nd period - Slapshot by Ryan Suter.
11:08 of 2nd period - Shot Misses the Net.
11:16 of 2nd period - Wrist shot by Phil Kessel.
11:16 of 2nd period - Shot Blocked by Daniel Briere.
11:18 of 2nd period - Wrist shot by Ryan Suter.
11:18 of 2nd period - Stopped by Martin Brodeur with a rebound.
11:28 of 2nd period - Fedor Tyutin is hit by Pierre-Alexandre Parenteau and loses puck.
11:39 of 2nd period - Backhand shot by Ryane Clowe.
11:39 of 2nd period - Stopped by Martin Brodeur without a rebound.
11:40 of 2nd period - Vaclav Prospal wins face-off versus Nicklas Backstrom in Wild zone.
11:40 of 2nd period - Vaclav Prospal is hit by Nicklas Backstrom.
11:46 of 2nd period - Slapshot by Phil Kessel.
11:46 of 2nd period - Stopped by Martin Brodeur without a rebound.
11:47 of 2nd period - Vaclav Prospal wins face-off versus Nicklas Backstrom in Wild zone.
11:55 of 2nd period - Snap shot by Alexei Kovalev.
11:55 of 2nd period - Shot Misses the Net.
11:57 of 2nd period - Snap shot by Matt Moulson.
11:57 of 2nd period - Stopped by Jaroslav Halak without a rebound.
11:58 of 2nd period - Chris Drury wins face-off versus Nicklas Backstrom in Capitals zone.
12:11 of 2nd period - Wrist shot by Thomas Vanek.
12:11 of 2nd period - Goal by Thomas Vanek - Wild : 3 - Capitals : 2.
12:12 of 2nd period - Ryan Getzlaf wins face-off versus Chris Drury in neutral zone.
12:49 of 2nd period - Backhand shot by Nicklas Backstrom.
12:49 of 2nd period - Shot Misses the Net.
13:05 of 2nd period - Wrist shot by Phil Kessel.
13:05 of 2nd period - Stopped by Martin Brodeur with a rebound.
13:07 of 2nd period - Snap shot by Ryane Clowe.
13:07 of 2nd period - Stopped by Martin Brodeur with a rebound.
13:09 of 2nd period - Wrist shot by Ryane Clowe.
13:09 of 2nd period - Goal by Ryane Clowe - Wild : 3 - Capitals : 3.
13:10 of 2nd period - Nicklas Backstrom wins face-off versus Chris Drury in neutral zone.
13:37 of 2nd period - Ryan Getzlaf is hit by Kristopher Letang and loses puck.
14:21 of 2nd period - Wrist shot by Adam Hall.
14:21 of 2nd period - Goal by Adam Hall - Wild : 3 - Capitals : 4.
14:22 of 2nd period - Nicklas Backstrom wins face-off versus Chris Drury in neutral zone.
14:31 of 2nd period - Slapshot by Thomas Vanek.
14:31 of 2nd period - Stopped by Martin Brodeur without a rebound.
14:32 of 2nd period - Ryan Getzlaf wins face-off versus Chris Drury in Wild zone.
14:39 of 2nd period - Snap shot by Ales Hemsky.
14:39 of 2nd period - Deflect By Ryan Getzlaf.
14:39 of 2nd period - Stopped by Martin Brodeur with a rebound.
14:41 of 2nd period - Snap shot by Ales Hemsky.
14:41 of 2nd period - Stopped by Martin Brodeur with a rebound.
14:43 of 2nd period - Slapshot by Ryan Suter.
14:43 of 2nd period - Deflect By Daniel Briere.
14:43 of 2nd period - Stopped by Martin Brodeur with a rebound.
14:45 of 2nd period - Slapshot by Ales Hemsky.
14:45 of 2nd period - Stopped by Martin Brodeur without a rebound.
14:46 of 2nd period - Nicklas Backstrom wins face-off versus Chris Drury in Wild zone.
14:59 of 2nd period - Snap shot by Thomas Vanek.
14:59 of 2nd period - Stopped by Martin Brodeur without a rebound.
15:00 of 2nd period - Chris Drury wins face-off versus Ryan Getzlaf in Wild zone.
15:02 of 2nd period - Minor Penalty to R.J. Umberger for Hooking.
15:03 of 2nd period - Nicklas Backstrom wins face-off versus Glen Metropolit in Wild zone.
17:02 of 2nd period - Penalty to R.J. Umberger is over, R.J. Umberger is back on ice.
17:11 of 2nd period - Snap shot by Vaclav Prospal.
17:11 of 2nd period - Shot Misses the Net.
17:13 of 2nd period - Slapshot by Fedor Tyutin.
17:13 of 2nd period - Shot Misses the Net.
17:15 of 2nd period - Backhand shot by Fedor Tyutin.
17:15 of 2nd period - Stopped by Jaroslav Halak without a rebound.
17:16 of 2nd period - Vaclav Prospal wins face-off versus Boyd Devereaux in Capitals zone.
18:18 of 2nd period - Snap shot by R.J. Umberger.
18:18 of 2nd period - Stopped by Jaroslav Halak with a rebound.
18:20 of 2nd period - Snap shot by R.J. Umberger.
18:20 of 2nd period - Goal by R.J. Umberger - Wild : 4 - Capitals : 4.
18:21 of 2nd period - Nicklas Backstrom wins face-off versus Chris Drury in neutral zone.
18:44 of 2nd period - Minor Penalty to Phil Kessel for Interference.
18:45 of 2nd period - Ryan Getzlaf wins face-off versus Chris Drury in Capitals zone.
19:31 of 2nd period - Wrist shot by Brent Seabrook.
19:31 of 2nd period - Shot Blocked by Mark Eaton.
19:57 of 2nd period - Wrist shot by Vaclav Prospal.
19:57 of 2nd period - Stopped by Jaroslav Halak with a rebound.
Goals for this period are 2 for Wild vs 4 for Capitals.
Shots for this period are 9 for Wild vs 17 for Capitals.
3rd period
0:01 of 3rd period - Chris Drury wins face-off versus Ryan Getzlaf in neutral zone.
0:06 of 3rd period - Wrist shot by Chris Drury.
0:06 of 3rd period - Shot Misses the Net.
0:08 of 3rd period - Snap shot by Chris Drury.
0:08 of 3rd period - Shot Misses the Net.
0:44 of 3rd period - Penalty to Phil Kessel is over, Phil Kessel is back on ice.
1:01 of 3rd period - Off-side.
1:02 of 3rd period - Nicklas Backstrom wins face-off versus Chris Drury in neutral zone.
1:25 of 3rd period - Matt Moulson is hit by Loui Eriksson.
1:49 of 3rd period - Mark Giordano is hit by Fredrik Modin and loses puck.
2:00 of 3rd period - Slapshot by Fredrik Modin.
2:00 of 3rd period - Shot Blocked by Brent Seabrook.
2:14 of 3rd period - Slapshot by Chris Kunitz.
2:14 of 3rd period - Shot Blocked by Daniel Briere.
2:16 of 3rd period - Snap shot by Boyd Devereaux.
2:16 of 3rd period - Shot Misses the Net.
2:18 of 3rd period - Slapshot by Boyd Devereaux.
2:18 of 3rd period - Stopped by Martin Brodeur without a rebound.
2:19 of 3rd period - Chris Drury wins face-off versus Chris Kunitz in Wild zone.
2:30 of 3rd period - Mark Giordano is hit by R.J. Umberger and loses puck.
2:38 of 3rd period - Off-side.
2:39 of 3rd period - Nicklas Backstrom wins face-off versus Vaclav Prospal in neutral zone.
2:52 of 3rd period - Slapshot by Thomas Vanek.
2:52 of 3rd period - Stopped by Martin Brodeur with a rebound.
3:35 of 3rd period - Pierre-Alexandre Parenteau is hit by Glen Metropolit and loses puck.
4:10 of 3rd period - Wrist shot by Nicklas Backstrom.
4:10 of 3rd period - Stopped by Martin Brodeur without a rebound.
4:11 of 3rd period - Ryan Getzlaf wins face-off versus Vaclav Prospal in Wild zone.
4:18 of 3rd period - Vaclav Prospal is hit by Ryan Getzlaf and loses puck.
4:27 of 3rd period - Snap shot by Vaclav Prospal.
4:27 of 3rd period - Shot Blocked by Ryan Suter.
4:35 of 3rd period - Loui Eriksson is hit by Alexei Kovalev.
4:41 of 3rd period - Snap shot by Matt Moulson.
4:41 of 3rd period - Goal by Matt Moulson - Wild : 5 - Capitals : 4.
4:42 of 3rd period - Chris Drury wins face-off versus Nicklas Backstrom in neutral zone.
4:51 of 3rd period - Snap shot by Daniel Briere.
4:51 of 3rd period - Stopped by Jaroslav Halak with a rebound.
4:53 of 3rd period - Slapshot by Chris Drury.
4:53 of 3rd period - Stopped by Jaroslav Halak with a rebound.
4:55 of 3rd period - Snap shot by Chris Drury.
4:55 of 3rd period - Deflect By R.J. Umberger.
4:55 of 3rd period - Stopped by Jaroslav Halak without a rebound.
4:56 of 3rd period - Chris Drury wins face-off versus Ryan Getzlaf in Capitals zone.
4:57 of 3rd period - Wrist shot by Daniel Briere.
4:57 of 3rd period - Deflect By R.J. Umberger.
4:57 of 3rd period - Shot Misses the Net.
4:57 of 3rd period - Puck is out of play.
4:58 of 3rd period - Chris Drury wins face-off versus Ryan Getzlaf in Capitals zone.
5:13 of 3rd period - Wrist shot by Daniel Briere.
5:13 of 3rd period - Stopped by Jaroslav Halak without a rebound.
5:14 of 3rd period - Nicklas Backstrom wins face-off versus Vaclav Prospal in Capitals zone.
5:28 of 3rd period - Snap shot by Matt Moulson.
5:28 of 3rd period - Deflect By Ryan Suter.
5:28 of 3rd period - Shot Blocked by Phil Kessel.
5:28 of 3rd period - Puck is out of play.
5:29 of 3rd period - Chris Drury wins face-off versus Ryan Getzlaf in Capitals zone.
5:42 of 3rd period - Backhand shot by Ryan Getzlaf.
5:42 of 3rd period - Stopped by Martin Brodeur with a rebound.
5:44 of 3rd period - Slapshot by Loui Eriksson.
5:44 of 3rd period - Shot Misses the Net.
5:54 of 3rd period - Kristopher Letang is hit by Thomas Vanek and loses puck.
6:59 of 3rd period - Wrist shot by Rich Peverley.
6:59 of 3rd period - Stopped by Jaroslav Halak without a rebound.
7:00 of 3rd period - Rich Peverley wins face-off versus Nicklas Backstrom in Capitals zone.
7:13 of 3rd period - Snap shot by Rich Peverley.
7:13 of 3rd period - Shot Blocked by Nicklas Backstrom.
7:27 of 3rd period - Ryan Suter is hit by Greg Zanon and loses puck.
8:01 of 3rd period - Wrist shot by Matt Moulson.
8:01 of 3rd period - Shot Blocked by Bryce Salvador.
9:40 of 3rd period - Boyd Devereaux is hit by Vaclav Prospal and loses puck.
9:45 of 3rd period - Wrist shot by Vaclav Prospal.
9:45 of 3rd period - Deflect By Matt Moulson.
9:45 of 3rd period - Shot Misses the Net.
9:45 of 3rd period - Puck is out of play.
9:46 of 3rd period - Nicklas Backstrom wins face-off versus Chris Drury in Capitals zone.
9:46 of 3rd period - Nicklas Backstrom is hit by Niklas Kronwall.
9:54 of 3rd period - Thomas Vanek is hit by Chris Drury and loses puck.
10:01 of 3rd period - Snap shot by Chris Drury.
10:01 of 3rd period - Stopped by Jaroslav Halak with a rebound.
10:55 of 3rd period - Minor Penalty to Boyd Devereaux for Hooking.
10:56 of 3rd period - Daniel Briere wins face-off versus Ryan Getzlaf in Capitals zone.
11:41 of 3rd period - Wrist shot by Adam Hall.
11:41 of 3rd period - Stopped by Martin Brodeur without a rebound.
11:42 of 3rd period - Chris Drury wins face-off versus Adam Hall in Wild zone.
11:47 of 3rd period - Slapshot by Mark Eaton.
11:47 of 3rd period - Deflect By Adam Hall.
11:47 of 3rd period - Stopped by Jaroslav Halak with a rebound.
11:49 of 3rd period - Slapshot by Mark Eaton.
11:49 of 3rd period - Stopped by Jaroslav Halak with a rebound.
12:23 of 3rd period - Wrist shot by R.J. Umberger.
12:23 of 3rd period - Deflect By Chris Drury.
12:23 of 3rd period - Shot Misses the Net.
12:23 of 3rd period - Puck is out of play.
12:24 of 3rd period - Chris Drury wins face-off versus Adam Hall in Capitals zone.
12:55 of 3rd period - Penalty to Boyd Devereaux is over, Boyd Devereaux is back on ice.
13:48 of 3rd period - Minor Penalty to Ryane Clowe for Delaying the game.
13:49 of 3rd period - Ryan Getzlaf wins face-off versus Chris Drury in Capitals zone.
14:00 of 3rd period - Wrist shot by R.J. Umberger.
14:00 of 3rd period - Deflect By Daniel Briere.
14:00 of 3rd period - Shot Misses the Net.
14:00 of 3rd period - Puck is out of play.
14:01 of 3rd period - Ryan Getzlaf wins face-off versus Daniel Briere in Capitals zone.
15:48 of 3rd period - Penalty to Ryane Clowe is over, Ryane Clowe is back on ice.
15:55 of 3rd period - Paul Stastny is hit by Vaclav Prospal.
15:59 of 3rd period - Niklas Kronwall is hit by Pierre-Alexandre Parenteau.
16:23 of 3rd period - Fredrik Modin is hit by Phil Kessel and loses puck.
16:38 of 3rd period - Snap shot by Anson Carter.
16:38 of 3rd period - Shot Misses the Net.
16:40 of 3rd period - Slapshot by Rich Peverley.
16:40 of 3rd period - Shot Misses the Net.
16:42 of 3rd period - Snap shot by Rich Peverley.
16:42 of 3rd period - Shot Blocked by Ryan Getzlaf.
16:44 of 3rd period - Slapshot by Niklas Kronwall.
16:44 of 3rd period - Deflect By Brent Seabrook.
16:44 of 3rd period - Stopped by Jaroslav Halak without a rebound.
16:45 of 3rd period - Paul Stastny wins face-off versus Chris Drury in Capitals zone.
16:56 of 3rd period - Wrist shot by Chris Drury.
16:56 of 3rd period - Shot Blocked by Paul Stastny.
16:58 of 3rd period - Snap shot by Kristopher Letang.
16:58 of 3rd period - Shot Blocked by Mark Giordano.
17:00 of 3rd period - Wrist shot by R.J. Umberger.
17:00 of 3rd period - Stopped by Jaroslav Halak without a rebound.
17:01 of 3rd period - Nicklas Backstrom wins face-off versus Glen Metropolit in Capitals zone.
17:01 of 3rd period - Ryan Suter is hit by Glen Metropolit and loses puck.
17:12 of 3rd period - Slapshot by Kristopher Letang.
17:12 of 3rd period - Stopped by Jaroslav Halak without a rebound.
17:13 of 3rd period - Paul Stastny wins face-off versus Glen Metropolit in Capitals zone.
17:26 of 3rd period - Wrist shot by Paul Stastny.
17:26 of 3rd period - Shot Misses the Net.
18:20 of 3rd period - Phil Kessel is hit by Anson Carter.
18:29 of 3rd period - Off-side.
18:30 of 3rd period - Paul Stastny wins face-off versus Vaclav Prospal in neutral zone.
18:32 of 3rd period - Ryan Suter is hit by Vaclav Prospal.
18:43 of 3rd period - Minor Penalty to Ryan Suter for Tripping.
18:44 of 3rd period - Chris Drury wins face-off versus Ryane Clowe in Capitals zone.
Goals for this period are 1 for Wild vs 0 for Capitals.
Shots for this period are 12 for Wild vs 5 for Capitals.
Output by the SimonT Hockey Simulator (STHS) for François Prévost -- Original Page W3C XHTML 1.0 Valid